PL
THUNDER BAY NORTHERN LIONS BC @ ATLANTA SMOKE
08/28/2027
 
TOP OF THE 1ST
Thunder Bay Northern Lions BC batting - Pitching for Atlanta Smoke : LHP Manuel Rojas
Pitching: LHP Manuel Rojas
Batting: SHB Terumoto Kurihara 0-0: Ground out 5-3 (Groundball, 56)
Batting: RHB Keith Fish 0-0: Called Strike
0-1: Foul Ball, location: 2F
0-2: Ball
1-2: Foul Ball, location: 2F
1-2: Foul Ball, location: 2F
1-2: Ball
2-2: Strikes out swinging
Batting: SHB Carlos Rodríguez 0-0: Called Strike
0-1: Foul Ball, location: 2F
0-2: Ball
1-2: Foul Ball, location: 2F
1-2: Foul Ball, location: 2F
1-2: Strikes out swinging
Top of the 1st over - 0 run(s), 0 hit(s), 0 error(s), 0 left on base; Thunder Bay 0 - Atlanta 0
BOTTOM OF THE 1ST
Atlanta Smoke batting - Pitching for Thunder Bay Northern Lions BC : RHP Jorge Castillo
Pitching: RHP Jorge Castillo
Batting: RHB Bartolo Morales 0-0: Swinging Strike
0-1: Called Strike
0-2: Foul Ball, location: 2F
0-2: Foul Ball, location: 2F
0-2: Ball
1-2: Ball
2-2: Foul Ball, location: 2F
2-2: Fly out, F3 (Popup, 3L)
Batting: LHB Bernardo Elías 0-0: Called Strike
0-1: Ball
1-1: Ball
2-1: Foul Ball, location: 2F
2-2: Foul Ball, location: 2F
2-2: Strikes out looking
Batting: RHB Gabriel Maldonado 0-0: Called Strike
0-1: Ball
1-1: Ball
2-1: Ball
3-1: Fly out, F8 (Flyball, 8LM)
Bottom of the 1st over - 0 run(s), 0 hit(s), 0 error(s), 0 left on base; Thunder Bay 0 - Atlanta 0
TOP OF THE 2ND
Thunder Bay Northern Lions BC batting - Pitching for Atlanta Smoke : LHP Manuel Rojas
Batting: LHB David Smith 0-0: Foul Ball, location: 2F
0-1: Fly out, F3 (Line Drive, 34S)
Batting: RHB Carlos Padilla 0-0: Called Strike
0-1: Swinging Strike
0-2: Ball
1-2: Strikes out swinging
Batting: RHB Xavier Pérez 0-0: Foul Ball, location: 2F
0-1: Ball
1-1: Ball
2-1: Foul Ball, location: 2F
2-2: Foul Ball, location: 2F
2-2: Reached on error, E5 (Groundball, 56)
Batting: LHB Ramón Gómez 0-0: Called Strike
0-1: Ball
1-1: Called Strike
1-2: Strikes out swinging
Top of the 2nd over - 0 run(s), 0 hit(s), 1 error(s), 1 left on base; Thunder Bay 0 - Atlanta 0
BOTTOM OF THE 2ND
Atlanta Smoke batting - Pitching for Thunder Bay Northern Lions BC : RHP Jorge Castillo
Batting: RHB Layton Templeman 0-0: Called Strike
0-1: Called Strike
0-2: Strikes out swinging
Batting: LHB Ned Durand 0-0: Ball
1-0: Swinging Strike
1-1: Foul Ball, location: 2F
1-2: Ball
2-2: Foul Ball, location: 2F
2-2: Strikes out swinging, 2-3 out at first.
Batting: RHB Travis Newsome 0-0: Called Strike
0-1: Ball
1-1: Fly out, F8 (Flyball, 8LM)
Bottom of the 2nd over - 0 run(s), 0 hit(s), 0 error(s), 0 left on base; Thunder Bay 0 - Atlanta 0
TOP OF THE 3RD
Thunder Bay Northern Lions BC batting - Pitching for Atlanta Smoke : LHP Manuel Rojas
Batting: SHB Arnold Griffith 0-0: Called Strike
0-1: Swinging Strike
0-2: Ball
1-2: Ball
2-2: Ball
3-2: Ground out 1-3 (Groundball, 15)
Batting: LHB Chris Gregory 0-0: Ball
1-0: Called Strike
1-1: SINGLE (Line Drive, 9LS)
Batting: SHB Terumoto Kurihara 0-0: Fly out, F9 (Flyball, 9LM)
Batting: RHB Keith Fish 0-0: Fielders Choice at 2nd, 6-4 (Groundball, 6)
Top of the 3rd over - 0 run(s), 1 hit(s), 0 error(s), 0 left on base; Thunder Bay 0 - Atlanta 0
BOTTOM OF THE 3RD
Atlanta Smoke batting - Pitching for Thunder Bay Northern Lions BC : RHP Jorge Castillo
Batting: RHB Pedro Morales 0-0: Ball
1-0: Foul Ball, location: 2F
1-1: Ball
2-1: DOUBLE (Flyball, 8LD)
Batting: SHB Roku Hara 0-0: Ball
1-0: Swinging Strike
1-1: Ground out 1-3 (Groundball, 13)
Pedro Morales to third
Batting: RHB Gerardo Castillo 0-0: Called Strike
0-1: Ground out 6-3 (Groundball, 6)
Pedro Morales scores
Batting: RHB Bartolo Morales 0-0: SINGLE (Groundball, 6MD)
Batting: LHB Bernardo Elías 0-0: Called Strike
0-1: Ball
1-1: Foul Ball, location: 2F
1-2: Strikes out swinging
Bottom of the 3rd over - 1 run(s), 2 hit(s), 0 error(s), 1 left on base; Thunder Bay 0 - Atlanta 1
TOP OF THE 4TH
Thunder Bay Northern Lions BC batting - Pitching for Atlanta Smoke : LHP Manuel Rojas
Batting: SHB Carlos Rodríguez 0-0: Foul Ball, location: 2F
0-1: Foul Ball, location: 2F
0-2: Ball
1-2: Foul Ball, location: 2F
1-2: SINGLE (Line Drive, 78S)
Batting: LHB David Smith 0-0: Ball
Carlos Rodríguez steals 2nd base
1-0: Foul Ball, location: 2F
1-1: Fly out, F7 (Flyball, 7S)
Batting: RHB Carlos Padilla 0-0: Ball
1-0: Ground out 1-3 (Groundball, 15)
Batting: RHB Xavier Pérez 0-0: Foul Ball, location: 2F
0-1: Ball
1-1: Fly out, F8 (Flyball, 8RM)
Top of the 4th over - 0 run(s), 1 hit(s), 0 error(s), 1 left on base; Thunder Bay 0 - Atlanta 1
BOTTOM OF THE 4TH
Atlanta Smoke batting - Pitching for Thunder Bay Northern Lions BC : RHP Jorge Castillo
Batting: RHB Gabriel Maldonado 0-0: Foul Ball, location: 2F
0-1: Ball
1-1: Foul Ball, location: 2F
1-2: SOLO HOME RUN (Line Drive, 7LD), Distance : 362 ft
Batting: RHB Layton Templeman 0-0: Called Strike
0-1: Ball
1-1: Ball
2-1: Ball
3-1: SINGLE (Line Drive, 4D)
Batting: LHB Ned Durand 0-0: Ball
1-0: Ball
2-0: Called Strike
2-1: Ball
3-1: Base on Balls
Layton Templeman to second
Batting: RHB Travis Newsome 0-0: Foul Ball, location: 2F
0-1: Ball
1-1: Ball
2-1: Called Strike
2-2: Ball
3-2: Foul Ball, location: 2F
3-2: Foul Ball, location: 2F
3-2: Foul Ball, location: 2F
3-2: Strikes out swinging
Batting: RHB Pedro Morales 0-0: Ball
1-0: Called Strike
1-1: Foul Ball, location: 2F
1-2: Foul Ball, location: 2F
1-2: Strikes out swinging
Batting: SHB Roku Hara 0-0: Swinging Strike
0-1: Called Strike
0-2: Strikes out swinging
Bottom of the 4th over - 1 run(s), 2 hit(s), 0 error(s), 2 left on base; Thunder Bay 0 - Atlanta 2
TOP OF THE 5TH
Thunder Bay Northern Lions BC batting - Pitching for Atlanta Smoke : LHP Manuel Rojas
Batting: LHB Ramón Gómez 0-0: Ground out U3 (Groundball, 34)
Batting: SHB Arnold Griffith 0-0: Fly out, F3 (Flyball, 3DF)
Batting: LHB Chris Gregory 0-0: Ball
1-0: Called Strike
1-1: Ball
2-1: Foul Ball, location: 2F
2-2: Strikes out looking
Top of the 5th over - 0 run(s), 0 hit(s), 0 error(s), 0 left on base; Thunder Bay 0 - Atlanta 2
BOTTOM OF THE 5TH
Atlanta Smoke batting - Pitching for Thunder Bay Northern Lions BC : RHP Jorge Castillo
Batting: RHB Gerardo Castillo 0-0: Ball
1-0: Ball
2-0: SINGLE (Groundball, 34D)
Batting: RHB Bartolo Morales 0-0: Sac Bunt - play at first, batter OUT! 2-3
Gerardo Castillo to second
Batting: LHB Bernardo Elías 0-0: Swinging Strike
0-1: Ball
1-1: Foul Ball, location: 2F
1-2: SINGLE (Groundball, 4MD)
Gerardo Castillo to third
Runner from 3rd tries for Home, SAFE, throw made home
Bernardo Elías to second
Batting: RHB Gabriel Maldonado 0-0: Ball
1-0: Ball
2-0: Called Strike
2-1: Swinging Strike
2-2: Ball
3-2: Foul Ball, location: 2F
3-2: Strikes out swinging
Batting: RHB Layton Templeman 0-0: Swinging Strike
0-1: Foul Ball, location: 2F
0-2: Foul Ball, location: 2F
0-2: Ball
1-2: Fly out, F7 (Flyball, 7LS)
Bottom of the 5th over - 1 run(s), 2 hit(s), 0 error(s), 1 left on base; Thunder Bay 0 - Atlanta 3
TOP OF THE 6TH
Thunder Bay Northern Lions BC batting - Pitching for Atlanta Smoke : LHP Manuel Rojas
Batting: SHB Terumoto Kurihara 0-0: Called Strike
0-1: Foul Ball, location: 2F
0-2: Strikes out swinging
Batting: RHB Keith Fish 0-0: Swinging Strike
0-1: Ball
1-1: Foul Ball, location: 2F
1-2: Strikes out swinging
Batting: SHB Carlos Rodríguez 0-0: Ball
1-0: Foul Ball, location: 2F
1-1: Foul Ball, location: 2F
1-2: Ball
2-2: Fly out, F8 (Line Drive, 8LM)
Top of the 6th over - 0 run(s), 0 hit(s), 0 error(s), 0 left on base; Thunder Bay 0 - Atlanta 3
BOTTOM OF THE 6TH
Atlanta Smoke batting - Pitching for Thunder Bay Northern Lions BC : RHP Jorge Castillo
Batting: LHB Ned Durand 0-0: Ball
1-0: Ball
2-0: Ball
3-0: Base on Balls
Batting: RHB Travis Newsome 0-0: Bunted foul
0-1: Sac Bunt - play at second, runner OUT! 1-6
Batting: RHB Pedro Morales 0-0: Ball
1-0: Called Strike
1-1: Fly out, F8 (Flyball, 8LM)
Batting: SHB Roku Hara 0-0: Ball
1-0: Fly out, F9 (Flyball, 9D)
Bottom of the 6th over - 0 run(s), 0 hit(s), 0 error(s), 1 left on base; Thunder Bay 0 - Atlanta 3
TOP OF THE 7TH
Thunder Bay Northern Lions BC batting - Pitching for Atlanta Smoke : LHP Manuel Rojas
Batting: LHB David Smith 0-0: Foul Ball, location: 2F
0-1: Ball
1-1: Foul Ball, location: 2F
1-2: Ground out 4-3 (Groundball, 4D)
Batting: RHB Carlos Padilla 0-0: Fly out, F8 (Flyball, 78XD)
Batting: RHB Xavier Pérez 0-0: Ball
1-0: Foul Ball, location: 2F
1-1: Swinging Strike
1-2: Ball
2-2: Ball
3-2: Foul Ball, location: 2F
3-2: Foul Ball, location: 2F
3-2: Foul Ball, location: 2F
3-2: Foul Ball, location: 2F
3-2: Strikes out looking
Top of the 7th over - 0 run(s), 0 hit(s), 0 error(s), 0 left on base; Thunder Bay 0 - Atlanta 3
BOTTOM OF THE 7TH
Atlanta Smoke batting - Pitching for Thunder Bay Northern Lions BC : RHP Jorge Castillo
Batting: RHB Gerardo Castillo 0-0: Called Strike
0-1: SINGLE (Groundball, 34D)
Batting: RHB Bartolo Morales 0-0: Ball
1-0: Sac Bunt - play at first, batter OUT! 2-4
Gerardo Castillo to second
Batting: LHB Bernardo Elías 0-0: Ground out 5-3 (Groundball, 56)
Batting: RHB Gabriel Maldonado 0-0: 2-RUN HOME RUN (Flyball, 7D), Distance : 393 ft
Pitching: RHP Tony Solíz
Batting: RHB Layton Templeman 0-0: Called Strike
0-1: Ball
1-1: Foul Ball, location: 2F
1-2: Foul Ball, location: 2F
1-2: Ball
2-2: Fly out, F9 (Line Drive, 9D)
Bottom of the 7th over - 2 run(s), 2 hit(s), 0 error(s), 0 left on base; Thunder Bay 0 - Atlanta 5
TOP OF THE 8TH
Thunder Bay Northern Lions BC batting - Pitching for Atlanta Smoke : LHP Manuel Rojas
Batting: LHB Ramón Gómez 0-0: Ball
1-0: Foul Ball, location: 2F
1-1: Foul Ball, location: 2F
1-2: Ground out 1-3 (Groundball, 13)
Batting: SHB Arnold Griffith 0-0: Called Strike
0-1: Swinging Strike
0-2: Ball
1-2: Strikes out looking
Batting: LHB Chris Gregory 0-0: Called Strike
0-1: Ball
1-1: Called Strike
1-2: Ground out U3 (Groundball, 3)
Top of the 8th over - 0 run(s), 0 hit(s), 0 error(s), 0 left on base; Thunder Bay 0 - Atlanta 5
BOTTOM OF THE 8TH
Atlanta Smoke batting - Pitching for Thunder Bay Northern Lions BC : RHP Tony Solíz
Batting: LHB Ned Durand 0-0: Called Strike
0-1: Swinging Strike
0-2: Ball
1-2: SINGLE (Line Drive, 7LS)
Batting: RHB Travis Newsome 0-0: Called Strike
0-1: Ground out 5-3 (Groundball, 56S)
Ned Durand to second
Batting: RHB Pedro Morales 0-0: Ball
1-0: Called Strike
1-1: Swinging Strike
1-2: Ball
2-2: Foul Ball, location: 2F
2-2: Strikes out swinging
Batting: SHB Roku Hara 0-0: SINGLE (Line Drive, 4MD)
Ned Durand to third
Batting: RHB Gerardo Castillo 0-0: Foul Ball, location: 2F
0-1: Fly out, F3 (Popup, 3L)
Bottom of the 8th over - 0 run(s), 2 hit(s), 0 error(s), 2 left on base; Thunder Bay 0 - Atlanta 5
TOP OF THE 9TH
Thunder Bay Northern Lions BC batting - Pitching for Atlanta Smoke : LHP Manuel Rojas
Batting: SHB Terumoto Kurihara 0-0: Swinging Strike
0-1: Ball
1-1: Ground out 4-3 (Groundball, 4)
Batting: RHB Keith Fish 0-0: Called Strike
0-1: Ball
1-1: Ground out 5-3 (Groundball, 5S)
Batting: SHB Carlos Rodríguez 0-0: Foul Ball, location: 2F
0-1: Ball
1-1: SINGLE (Groundball, 6D)
Pitching: RHP Iván García
Batting: LHB David Smith 0-0: Ball
1-0: Ball
2-0: Called Strike
2-1: Ball
3-1: Called Strike
3-2: Fly out, F2 (Popup, 2L)
Top of the 9th over - 0 run(s), 1 hit(s), 0 error(s), 1 left on base; Thunder Bay 0 - Atlanta 5
Saturday, May 26th, 2018 - OOTP Baseball 17.12 Build 75